 Dungeon Crawl Stone Soup version 0.29.0-4-gdea44cf6ec (webtiles) character file.

Game seed: 8476215267876002405

23 qw the Chopper (level 2, -2/17 HPs)
             Began as a Tengu Warper on Aug 28, 2022.
             Succumbed to an adder's poison
             ... on level 2 of the Dungeon.
             The game lasted 00:00:05 (895 turns).

qw the Chopper (Tengu Warper)                        Turns: 895, Time: 00:00:05

Health: -2/17      AC:  3    Str: 11    XL:     2   Next: 95%
Magic:  6/6        EV: 11    Int: 13    God:
Gold:   55         SH:  0    Dex: 13    Spells: 5/5 levels left

rFire   . . .      SeeInvis .   Y - +1 hand axe
rCold   . . .      Faith    .   (no shield)
rNeg    . . .      Spirit   .   b - +0 leather armour
rPois   .          Reflect  .   (helmet restricted)
rElec   .          Harm     .   (no cloak)
rCorr   .          Rampage  .   (no gloves)
Will    .....                   (boots unavailable)
Stlth   +.........              (no amulet)
HPRegen 0.05/turn               (no ring)
MPRegen 0.10/turn               (no ring)

@: lethally poisoned (-2 -> -18)
A: beak, talons 3
a: no special abilities


You were on level 2 of the Dungeon.
You visited 1 branch of the dungeon, and saw 2 of its levels.

You collected 55 gold pieces.


Innate Abilities, Weirdness & Mutations

You have a beak for a mouth.
You have claws for feet.


   Skills:
 - Level 2.0 Fighting
 + Level 3.7 Axes
 - Level 1.0 Throwing
 - Level 1.1 Armour
 - Level 2.1 Dodging
 - Level 2.0 Spellcasting
 - Level 2.4 Translocations


You had 5 spell levels left.
You didn't know any spells.
Your spell library contained the following spells:

 Spells                   Type           Power      Damage    Failure   Level
 Blink                    Tloc           14%        N/A       19%         2
 Gell's Gravitas          Tloc           7%         N/A       36%         3
 Lesser Beckoning         Tloc           7%         N/A       36%         3
 Teleport Other           Tloc           7%         N/A       36%         3
 Manifold Assault         Tloc           7%         N/A       98%         5

Inventory:

Hand Weapons
 a - a +0 club
 Y - a +1 hand axe (weapon)
Armour
 b - a +0 leather armour (worn)
Scrolls
 f - a scroll of identify
Potions
 c - a potion of might {unknown}
 e - a potion of ambrosia {unknown}
 g - a potion of haste
 i - 2 potions of curing {unknown}
 j - a potion of berserk rage {unknown}
 l - a potion of resistance {unknown}
 n - a potion of flight {unknown}

Dungeon Overview and Level Annotations

Branches:
Dungeon (2/15)

Altars:


Message History

You slash the endoplasm!
You kill the endoplasm!
You start resting.
HP restored.
A worm comes into view.
The teleport trap disappears.
The worm disappears!
i - 2 blue potions (gained 1)
A goblin comes into view. It is wielding a +0 club.
Enter note:
879 ||| Stepping ~*~*~tactically~*~*~ (hiding).
You start waiting.
An adder comes into view.
885 ||| Stepping ~*~*~tactically~*~*~ (stealth).
886 ||| Stepping ~*~*~tactically~*~*~ (hiding).
The adder hisses angrily.
You hit the adder.
The adder is moderately wounded.
The adder barely misses you. The adder bites you.
You are poisoned.
The adder poisons you!
You hit the adder.
The adder is heavily wounded.
You feel sick. The adder bites you.
You are more poisoned.
The adder poisons you!
You miss the adder. Your kick misses the adder.
The adder is heavily wounded.
You feel sick. The adder misses you. The adder bites you.
You are lethally poisoned!
The adder poisons you!
You hit the adder but do no damage. Your kick misses the adder.
You peck the adder.
The adder is severely wounded.
You feel very sick. The adder bites you. x2
You are more poisoned.
The adder poisons you!
You hit the adder but do no damage. You claw the adder.
You kill the adder!
You die...

.. .. #.# #g. ... ..
###### #.# ..
.....##### #.# .#
###%.....# #.# .#
#......##
#.##.######
#.......#
#.@........
#.......##
##%##.#.####
#........# #.......#
####.....###....##.#
#...............#
#.......#....####
#.....#.#....#
#.....#....###
#.....#....#


There were no monsters in sight!

Vanquished Creatures
  An adder (D:2)
  A dart slug (D:1)
  A ball python (D:1)
  A bat (D:1)
  3 endoplasms
  2 goblins
  2 jackals (D:1)
  A quokka (D:1)
  A frilled lizard (D:1)
  4 kobolds
  4 rats
21 creatures vanquished.

Vanquished Creatures (others)
  4 toadstools (D:1)
4 creatures vanquished.

Grand Total: 25 creatures vanquished

Notes
Turn   | Place    | Note
-------+----------+-------------------------------------------
     0 | D:1      | qw the Tengu Warper began the quest for the Orb.
     0 | D:1      | Reached XP level 1. HP: 12/12 MP: 4/4
     0 | D:1      | 0 ||| qw: Version: 0.1-a-89-g26bdef1
     0 | D:1      | 0 ||| qw: Game counter: 2928
     0 | D:1      | 0 ||| qw: Always use a shield: true
     0 | D:1      | 0 ||| qw: God list: Okawaru
     0 | D:1      | 0 ||| qw: Allow faded altars: false
     0 | D:1      | 0 ||| qw: Do Orc after D:15 true
     0 | D:1      | 0 ||| qw: Do second Lair branch before Depths: true
     0 | D:1      | 0 ||| qw: Lair rune preference: random
     0 | D:1      | 0 ||| qw: Plans: Normal
     0 | D:1      | 0 ||| PLANNING D:1-11
    56 | D:1      | Found a faded altar of an unknown god.
   228 | D:1      | Reached skill level 3 in Axes
   228 | D:1      | Reached XP level 2. HP: 17/17 MP: 6/6
   358 | D:1      | 358 ||| Stepping ~*~*~tactically~*~*~ (stealth).
   368 | D:1      | 368 ||| Stepping ~*~*~tactically~*~*~ (hiding).
   591 | D:1      | 591 ||| READING scroll labelled KOKOUCZ EFUD.
   596 | D:1      | 596 ||| READING 2 scrolls labelled OSCHOG TUQO.
   597 | D:1      | 597 ||| READING 2 scrolls labelled KIN FEUJEHY.
   598 | D:1      | 598 ||| READING scroll labelled ZIEGHO FUMAOTH.
   599 | D:1      | 599 ||| READING scroll labelled UPRACU XIREUCK.
   600 | D:1      | 600 ||| DRINKING 2 sedimented inky potions.
   601 | D:1      | 601 ||| DROPPING scroll of blinking.
   602 | D:1      | 602 ||| DROPPING scroll of fog.
   879 | D:2      | 879 ||| Stepping ~*~*~tactically~*~*~ (hiding).
   885 | D:2      | 885 ||| Stepping ~*~*~tactically~*~*~ (stealth).
   886 | D:2      | 886 ||| Stepping ~*~*~tactically~*~*~ (hiding).
   894 | D:2      | HP: 4/17 [poisoned by an adder]
   895 | D:2      | Succumbed to an adder's poison

Levels and vault maps discovered:
D:1:      ldierk_water_garden, layout_loops_cross,
          dreamdust_ecumenical_altar_angels_and_demons
D:2:      layout_basic

Skill      XL: |  1 |
---------------+----+-----
Axes           | 3 |  3.7
Fighting       | |  2.0
Throwing       | |  1.0
Armour         | |  1.1
Dodging        | |  2.1
Spellcasting   | |  2.0
Translocations | |  2.4

Action                   || total
-------------------------++-------
Melee: Hand axe          ||    39
       Peck              ||     8
       Kick              ||     8
Throw: Boomerang         ||     7
  Use: Scroll            ||     5
       Potion            ||     1
Armor: Leather armour    ||     7
Dodge: Dodged            ||    15

Table legend:
 A = Non-vault XP
 B = Vault XP
 C = Vault XP percentage of total XP
 D = Non-vault monster count
 E = Vault monster count
 F = Vault count percentage of total count
                 A         B        C        D         E       F
            +---------+---------+-------+---------+---------+-------
      Total |      46 |       0 |   0.0 |      21 |       0 |   0.0
            +---------+---------+-------+---------+---------+-------
        D:1 |      24 |       0 |   0.0 |      14 |       0 |   0.0
        D:2 |      22 |       0 |   0.0 |       7 |       0 |   0.0
            +---------+---------+-------+---------+---------+-------
